 Dungeon Crawl Stone Soup version 0.29.1-2-gbd0b4ee654 (webtiles) character file.

Game seed: 2649391372129813759

927 Icepheonix32 the Changer (level 7, -6/52 HPs)
             Began as a Demigod Transmuter on Nov 4, 2022.
             Mangled by a five-headed hydra (11 damage)
             ... on level 8 of the Dungeon.
             The game lasted 00:10:41 (6897 turns).

Icepheonix32 the Changer (Demigod Transmuter)       Turns: 6897, Time: 00:10:42

Health: -6/52      AC:  3    Str:  8 (11) XL:     7   Next: 54%
Magic:  0/17       EV: 12    Int: 25 (27) God:
Gold:   351        SH:  0    Dex: 13 (16) Spells: 2/15 levels left

rFire   + . .      SeeInvis .     - Unarmed
rCold   . . .      Faith    .   (no shield)
rNeg    . . .      Spirit   +   a - +0 robe
rPois   .          Reflect  .   (no helmet)
rElec   .          Harm     .   (no cloak)
rCorr   +          Rampage  .   (no gloves)
Will    .....                   f - +0 pair of boots
Stlth   ..........              e - amulet of guardian spirit
HPRegen 0.17/turn               p - ring of Lust {rC+ rCorr Int+8 Dex-2 Stlth-}
MPRegen 0.15/turn               g - ring of fire

@: contaminated, glowing
A: high MP 1, forlorn, divine attributes
a: no special abilities


You were on level 8 of the Dungeon.
You visited 1 branch of the dungeon, and saw 8 of its levels.

You collected 351 gold pieces.

Inventory:

Missiles
 n - a curare-tipped dart
 r - 3 poisoned darts
 t - a throwing net
Armour
 a - a +0 robe (worn)
 f - a +0 pair of boots (worn)
Jewellery
 e - an amulet of guardian spirit (around neck)
 g - a ring of fire (right hand)
 p - the ring of Lust (left hand) {rC+ rCorr Int+8 Dex-2 Stlth-}
   (You found it on level 4 of the Dungeon)

   [ring of protection from cold]

   Int:       It affects your intelligence (+8).
   Dex:       It affects your dexterity (-2).
   rC:        It protects you from cold.
   rCorr:     It protects you from acid and corrosion.
   Stlth:     It makes you less stealthy.
Scrolls
 c - a scroll of poison
 j - a scroll of butterflies
 q - a scroll of teleportation
Potions
 b - 2 potions of lignification
 h - a potion of heal wounds
 i - a potion of invisibility
 k - a potion of curing
 l - 3 potions of brilliance
 m - a potion of flight
 o - a potion of degeneration


   Skills:
 - Level 1.3 Fighting
 - Level 2.0 Dodging
 - Level 3.0 Unarmed Combat
 + Level 4.8 Spellcasting
 * Level 4.8 Transmutations
 + Level 0.6 Fire Magic
 + Level 3.8 Poison Magic


You had 2 spell levels left.
You knew the following spells:

 Your Spells              Type           Power      Damage    Failure   Level
a - Beastly Appendage     Tmut           60%        N/A       1%          1
b - Spider Form           Tmut/Pois      27%        N/A       4%          3
c - Wereblood             Tmut           30%        N/A       1%          2
d - Ignite Poison         Fire/Tmut/Pois 32%        N/A       7%          3
e - Ice Form              Ice/Tmut       18%        N/A       30%         4

Your spell library contained the following spells:

 Spells                   Type           Power      Damage    Failure   Level
 Magic Dart               Conj           24%        1d4       9%          1
 Searing Ray              Conj           12%        2d4       13%         2
 Mephitic Cloud           Conj/Pois/Air  12%        N/A       16%         3
 Fulminant Prism          Conj/Hex       3%         3d6       63%         4
 Freezing Cloud           Conj/Ice/Air   3%         6-21      93%         5


Dungeon Overview and Level Annotations

Branches:
Dungeon (9/15)             Temple (0/1) D:4
   Lair: D:8-11         Orc: D:9-12

Annotations:
D:3 3 runed translucent doors, angelusfrater's ghost, amateur TrFi
D:4 1 runed translucent door, Icepheonix32's ghost, amateur DgTm


Innate Abilities, Weirdness & Mutations

You have an increased reservoir of magic. (+10% MP)
You shall have no god before yourself.
Your divine heritage dramatically boosts your attributes as you level up.


Message History

Found an opulent altar of Gozag.
Found a stone staircase leading up.
There is a stone staircase leading up here.
You climb upwards.
You hear the hiss of flowing sand.
There is an entrance to an ossuary on this level.
Hurry and find it before the portal is buried!
Found 19 gold pieces.
Found a stone staircase leading up.
There is a stone staircase leading down here.
A five-headed hydra comes into view.
The five-headed hydra roars!
You see here 19 gold pieces.
Casting: Spider Form (dangerous; 4% risk of failure)
Confirm with . or Enter, or press ? or * to list all spells.
Okay, then.
Casting: Spider Form (dangerous; 4% risk of failure)
Confirm with . or Enter, or press ? or * to list all spells.
The spell is quite dangerous to miscast (30% risk of failure)!
Continue anyway?
You miscast Ice Form.
You are very lightly contaminated with residual magic.
Strange energies run through your body.
Casting: Ice Form (quite dangerous; 30% risk of failure)
Confirm with . or Enter, or press ? or * to list all spells.
The spell is quite dangerous to miscast (30% risk of failure)!
Continue anyway?
You miscast Ice Form.
You feel very strange.
You are contaminated with residual magic.
The five-headed hydra bites you.
The five-headed hydra barely misses you.
The five-headed hydra bites you! x2; The five-headed hydra bites you.
Unknown command.
Okay, then.
As you read the scroll of fear, it crumbles to dust.
You assume a fearsome visage.
The five-headed hydra resists with almost no effort.
The five-headed hydra bites you! The five-headed hydra bites you.
* * * LOW HITPOINT WARNING * * *
The five-headed hydra bites you but does no damage.
The five-headed hydra bites you!
* * * LOW HITPOINT WARNING * * *
The five-headed hydra bites you!
You die...

..###.# ....#.#
#.#.#.# # #.#.#.#
#. #.#.#.#
#.###.#.#.#
#.....#@#.######
#..>...D$......#
#..................
#.##....##.....####
#.....<#.....#
##.#+#.#.....# #.
...#+### #. #### #.


You could see a five-headed hydra.

Vanquished Creatures
  An ice beast (D:5)
  2 black bears (D:5)
  2 ogres (D:4)
  A kobold brigand (D:6)
  A hound (D:5)
  4 orc priests (D:5)
  An iguana (D:4)
  An orc wizard (D:5)
  5 adders
  4 gnolls (D:4)
  A shadow imp (D:5)
  3 white imps
  3 worms
  2 dart slugs
  8 orcs
  7 endoplasms
  4 giant cockroaches
  5 hobgoblins
  A jackal (D:3)
  18 kobolds
  3 quokkas
  6 ball pythons
  4 bats
  8 frilled lizards
  7 goblins
  5 rats
107 creatures vanquished.

Notes
Turn   | Place    | Note
-------+----------+-------------------------------------------
     0 | D:1      | Icepheonix32 the Demigod Transmuter began the quest for the
                  | Orb.
     0 | D:1      | Reached XP level 1. HP: 15/15 MP: 5/5
   673 | D:1      | Reached XP level 2. HP: 20/22 MP: 5/7
  1101 | D:1      | Reached skill level 1 in Fighting
  1688 | D:2      | Reached XP level 3. HP: 18/28 MP: 6/9
  2973 | D:3      | Found a runed translucent gate.
  2975 | D:3      | Found a runed translucent gate.
  2975 | D:3      | Found a runed translucent gate.
  3003 | D:3      | Noticed angelusfrater's ghost (amateur TrFi)
  3771 | D:3      | Learned a level 3 spell: Spider Form
  3774 | D:3      | Learned a level 2 spell: Wereblood
  3993 | D:3      | Reached XP level 4. HP: 35/35 MP: 9/11
  4351 | D:3      | Learned a level 3 spell: Ignite Poison
  4647 | D:4      | Identified the ring of Lust {rC+ rCorr Int+8 Dex-2 Stlth-}
  4660 | D:4      | Found a staircase to the Ecumenical Temple.
  4674 | D:4      | Noticed an ogre
  4684 | D:4      | Killed an ogre
  4685 | D:4      | Reached skill level 1 in Poison Magic
  4685 | D:4      | Reached XP level 5. HP: 40/40 MP: 8/13
  4840 | D:4      | Found a runed translucent door.
  4841 | D:4      | Noticed Icepheonix32's ghost (amateur DgTm)
  5143 | D:4      | Noticed an ogre
  5150 | D:4      | Killed an ogre
  5151 | D:4      | Reached XP level 6. HP: 47/47 MP: 8/15
  5611 | D:5      | Entered Level 5 of the Dungeon
  5993 | D:5      | Learned a level 4 spell: Ice Form
  6003 | D:5      | Reached XP level 7. HP: 36/52 MP: 6/16
  6863 | D:6      | You fall into a shaft and drop 3 floors!
  6891 | D:8      | Noticed a five-headed hydra
  6897 | D:8      | Mangled by a five-headed hydra

Illustrated notes

Levels and vault maps discovered:
D:1:      sevenhm_arrival_forest_fort_small_4, layout_basic,
          ebering_ecumenical_altar_rust
D:2:      layout_basic, basic_altar, bh_walls_and_bars
D:3:      layout_basic, jmf_multi_god_temple, gammafunk_ghost_split,
          minmay_distorted
D:4:      layout_rooms, temple_statues, ebering_ghost_reflecting_pool
D:5:      layout_cave_pools
D:6:      layout_loops_ring, serial_rivers, chequers_serial_rivers_marsh,
          chequers_serial_rivers_micro_a, chequers_serial_rivers_large_b,
          chequers_serial_rivers_room_b, chequers_serial_rivers_room_b,
          chequers_serial_rivers_small_a, grunt_ministairs_13,
          uniq_blork_the_orc
D:8:      layout_basic, special_room [special_room_orc], enter_ossuary_3,
          hex_tiny, uniq_maurice
D:9:      cheibrodos_iron_armory, layout_stronghold, grunt_gozag_statues,
          serial_shops, kennysheep_mini

Skill      XL: |  1  2  3  4  5  6 |
---------------+-------------------+-----
Unarmed Combat | 3 |  3.0
Spellcasting   | 2 3 4 |  4.8
Dodging        | 2 |  2.0
Transmutations | 2 3 4 |  4.8
Fighting       | 1 |  1.3
Poison Magic   | 1 3 |  3.8
Fire Magic     | |  0.6

Action                   |  1- 3 |  4- 6 |  7- 9 || total
-------------------------+-------+-------+-------++-------
Melee: Unarmed           |   175 |   119 |    42 ||   336
       Kick              |    31 |     5 |       ||    36
       Headbutt          |    14 |     4 |       ||    18
       Punch             |     3 |     2 |       ||     5
 Cast: Beastly Appendage |    43 |     6 |       ||    49
       Spider Form       |       |    12 |     5 ||    17
       Ignite Poison     |       |     4 |     2 ||     6
       Wereblood         |       |       |     1 ||     1
  Use: Potion            |     1 |     1 |     3 ||     5
       Scroll            |     7 |       |     5 ||    12
 Stab: Sleeping          |     2 |     1 |       ||     3
Armor: Robe              |    33 |     4 |     3 ||    40
       Skin              |       |     5 |     5 ||    10
Dodge: Dodged            |    94 |    79 |    57 ||   230
